Map: 暮色之塔

Players

诡丶计

  • Race: Zerg Zerg
  • League: Master

iGJim

  • Race: Zerg Zerg
  • League: Master

iGRushcrazy

  • Race: Protoss Protoss
  • League: Master

喵帕斯

  • Race: Protoss Protoss
  • League: Master

Event: GPL 2015 - Grand Finals

VOD

Have the link to the VOD?

Description

Time

  • Played on: Jan. 9, 2016, 8:59 a.m.
  • Length: 10:52

All games in this series

Show
View Real Time Build Order
Export as new Build Order

诡丶计 Zerg 

Build Orders: Hatch First 

Get SALT Encoding   

  12  0:01  Drone  
  13  0:12  Overlord  
  13  0:17  Drone  
  14  0:31  Drone x2  
  14  0:34  Drone  
  17  0:53  Hatchery  
  17  0:56  Drone  
  17  0:58  Drone  
  18  1:12  Spawning Pool  
  18  1:14  Drone  
  18  1:17  Drone  
  19  1:30  Drone  
  20  1:40  Hatchery  
  20  1:46  Drone  
  20  2:00  Queen  
  22  2:05  Queen  
  22  2:06  Zergling x2  
  22  2:07  Zergling x2  
  26  2:11  Drone  
  26  2:14  Drone  
  28  2:19  Overlord  
  28  2:23  Overlord  
  28  2:37  Queen  
  28  2:38  Drone x3  
  33  2:45  Queen  
  33  2:47  Drone  
  33  2:50  Drone  
  37  2:56  Queen  
  39  2:59  Drone  
  39  3:01  Drone  
  39  3:03  Drone  
  42  3:06  Extractor  
  42  3:07  Drone  
  42  3:08  Extractor  
  42  3:09  Drone  
  42  3:12  Drone  
  43  3:14  Drone  
  43  3:16  Drone  
  43  3:17  Drone  
  46  3:21  Zergling x4  
  46  3:25  Overlord  
  46  3:26  Drone  
  49  3:32  Drone  
  50  3:34  Overlord  
  49  3:44  Drone x4, Overlord  
  49  3:46  Drone  
  49  3:47  Drone  
  55  3:53  Lair  
  54  3:55  Drone  
  54  3:56  Drone  
  56  4:06  Drone  
  56  4:07  Drone x2  
  58  4:10  Drone x2  
  58  4:14  Overlord  
  58  4:16  Drone x2, Metabolic Boost  
  62  4:18  Drone x2  
  62  4:21  Drone x2  
  66  4:27  Overlord x2  
  66  4:29  Spore Crawler  
  66  4:31  Spore Crawler  
  64  4:32  Spore Crawler  
  64  4:33  Overlord  
  64  4:35  Drone  
  64  4:37  Drone  
  65  4:43  Drone, Roach Warren  
  65  4:44  Drone  
  65  4:45  Drone  
  67  4:49  Drone x3  
  67  4:50  Drone  
  71  4:56  Hydralisk Den  
  71  4:57  Drone  
  71  4:59  Drone  
  72  5:00  Drone  
  72  5:01  Drone, Extractor  
  72  5:02  Extractor  
  72  5:03  Drone x2  
  72  5:04  Extractor x2  
  72  5:08  Drone  
  72  5:10  Drone x2, Spire  
  74  5:14  Drone x2  
  74  5:20  Overlord  
  76  5:24  Overlord  
  76  5:32  Spore Crawler  
  75  5:38  Zergling x2  
  75  5:39  Zergling x14  
  84  5:42  Zergling x2  
  84  5:49  Zergling x8  
  84  5:50  Zergling x6  
  87  6:03  Drone x3  
  90  6:07  Drone x2, Hatchery, Evolution Chamber x2  
  89  6:12  Queen  
  89  6:16  Overlord  
  89  6:17  Overlord x2  
  89  6:19  Overlord  
  87  6:26  Overlord x2  
  87  6:27  Drone  
  85  6:33  Drone x4  
  85  6:36  Drone x3  
  89  6:42  Drone x3  
  89  6:43  Corruptor  
  89  6:44  Corruptor  
  89  6:46  Corruptor, Zerg Flyer Weapons Level 1  
  96  6:53  Queen  
  100  6:54  Zerg Ground Armor Level 1  
  100  6:55  Zerg Melee Weapons Level 1  
  100  6:56  Corruptor x2  
  100  6:59  Corruptor  
  103  7:03  Corruptor  
  103  7:06  Corruptor  
  106  7:10  Lurker Den  
  105  7:22  Drone  
  105  7:23  Drone x5  
  105  7:24  Drone x3  
  105  7:25  Drone x3  
  105  7:29  Roach x3  
  121  7:31  Roach  
  121  7:35  Roach x2  
  127  7:37  Roach  
  127  7:39  Roach  
  127  7:41  Roach  
  131  7:47  Roach x2  
  131  7:50  Roach  
  135  7:52  Roach  
  135  7:57  Roach x2  
  135  7:58  Roach x3  
  146  7:59  Roach x2  
  144  8:06  Roach x3  
  149  8:13  Roach  
  149  8:15  Roach x3  
  149  8:16  Roach  
  159  8:23  Overlord x2  
  159  8:24  Overlord x2  
  155  8:31  Roach x3  
  155  8:33  Roach x5  
  157  8:35  Roach  
  157  8:38  Roach x2  
  148  8:42  Roach  
  148  8:44  Roach  
  148  8:45  Roach x3  
  148  8:48  Roach, Glial Reconstitution  
  139  8:50  Roach x2  
  139  8:55  Roach x4  
  132  8:56  Roach x2  
  132  8:57  Roach  
  132  8:59  Roach  
  120  9:03  Roach  
  120  9:04  Roach  
  120  9:07  Roach  
  114  9:16  Roach x4  
  118  9:18  Drone x3  
  118  9:22  Drone  
  120  9:26  Zergling x6  
  120  9:28  Ravager x4  
  120  9:29  Ravager  
  120  9:30  Ravager  
  129  9:33  Zergling x2, Ravager  
  129  9:35  Ravager x3  
  132  9:40  Zergling x4  
  132  9:41  Zergling x2  
  132  9:45  Zergling x4  
  137  9:46  Zergling x2  
  137  9:50  Zergling x4  
  137  9:51  Zergling x2  
  137  9:56  Zergling x4  
  137  9:59  Zergling x4  
  134  10:06  Zergling x2  
  134  10:07  Zergling x2  
  116  10:09  Zergling x4  
  116  10:10  Zergling x2  
  116  10:12  Zergling x2  
  103  10:15  Zergling x6  
  103  10:19  Zergling x2  
  103  10:20  Zergling x2  
  94  10:22  Zergling x2  
  81  10:30  Zergling x2  
  81  10:31  Zergling x2  
  81  10:32  Zergling x2, Roach  
  81  10:33  Zergling x2  
Show
View Real Time Build Order
Export as new Build Order

iGJim Zerg 

Build Orders:  

Get SALT Encoding   

  12  0:00  Probe (Chrono Boost)  
  13  0:11  Probe (Chrono Boost)  
  14  0:20  Pylon  
  14  0:22  Probe (Chrono Boost)  
  15  0:38  Probe (Chrono Boost)  
  16  0:49  Probe (Chrono Boost)  
  17  0:59  Probe (Chrono Boost)  
  17  1:03  Nexus  
  18  1:10  Probe (Chrono Boost)  
  19  1:17  Gateway  
  19  1:21  Probe (Chrono Boost)  
  20  1:27  Assimilator  
  20  1:32  Probe (Chrono Boost)  
  21  1:34  Assimilator  
  21  1:42  Probe (Chrono Boost)  
  21  1:45  Pylon  
  22  1:53  Probe (Chrono Boost)  
  23  2:03  Probe (Chrono Boost)  
  23  2:04  Cybernetics Core  
  24  2:14  Probe (Chrono Boost)  
  24  2:15  Probe (Chrono Boost)  
  26  2:24  Probe (Chrono Boost)  
  26  2:26  Probe (Chrono Boost)  
  30  2:35  Probe x2 (Chrono Boost)  
  30  2:40  Adept (Chrono Boost)  
  30  2:41  Stargate  
  30  2:43  Warp Gate  
  32  2:45  Probe  
  32  2:46  Probe  
  34  2:55  Probe  
  34  2:57  Probe  
  38  3:06  Probe  
  38  3:07  Adept (Chrono Boost)  
  38  3:08  Probe  
  38  3:11  Pylon  
  40  3:16  Probe  
  41  3:21  Phoenix, Mothership Core  
  45  3:27  Probe  
  46  3:38  Probe  
  47  3:42  Probe  
  47  3:48  Phoenix, Probe  
  48  3:51  Pylon  
  48  3:54  Probe, Nexus  
  52  3:58  Pylon  
  52  3:59  Probe  
  53  4:06  Probe  
  53  4:07  Assimilator  
  53  4:09  Probe  
  52  4:10  Phoenix  
  52  4:13  Assimilator  
  55  4:18  Gateway, Probe  
  55  4:20  Probe  
  55  4:22  Gateway  
  57  4:30  Probe x2  
  58  4:31  Phoenix  
  61  4:38  Pylon  
  61  4:41  Probe  
  61  4:42  Forge  
  61  4:43  Probe  
  63  4:49  Pylon  
  63  4:51  Probe  
  63  4:52  Twilight Council  
  63  4:54  Phoenix  
  63  4:55  Probe  
  67  5:01  Protoss Ground Weapons Level 1  
  67  5:02  Probe  
  67  5:05  Probe  
  69  5:07  Probe  
  69  5:12  Probe  
  69  5:13  Robotics Facility  
  70  5:16  Sentry, Probe  
  70  5:18  Adept  
  70  5:19  Probe  
  77  5:21  Assimilator  
  77  5:23  Probe, Assimilator  
  77  5:26  Probe  
  79  5:31  Probe  
  79  5:33  Probe  
  79  5:34  Pylon  
  79  5:35  Phoenix  
  83  5:37  Probe  
  83  5:40  Gateway  
  84  5:42  Gateway  
  84  5:43  Probe  
  84  5:44  Probe  
  84  5:46  Gateway  
  84  5:48  Probe  
  87  6:00  Phoenix, Gateway, Observer  
  87  6:01  Gateway  
  90  6:05  Templar Archives  
  90  6:07  Probe, Charge  
  91  6:18  Gateway  
  91  6:21  Gateway  
  91  6:23  Gateway  
  91  6:26  Gateway  
  91  6:30  Pylon  
  91  6:31  Pylon  
  91  6:32  Warp Prism  
  91  6:36  Psionic Storm  
  91  6:38  Zealot x3  
  99  6:46  Pylon  
  99  6:59  Pylon, High Templar x3  
  99  7:00  High Templar  
  107  7:01  Zealot x2  
  107  7:02  Zealot x2  
  107  7:03  Immortal  
  119  7:16  Pylon  
  119  7:17  Zealot  
  119  7:18  Zealot x2  
  119  7:20  Zealot  
  127  7:24  Zealot x3  
  127  7:27  Zealot  
  135  7:37  Zealot  
  135  7:42  Zealot x2  
  131  7:46  Protoss Ground Weapons Level 2  
  130  7:51  Zealot x3  
  130  7:52  Zealot, High Templar x3  
  130  7:53  High Templar  
  130  7:56  Archon  
  130  7:58  Archon, Zealot  
  142  8:00  Zealot  
  134  8:19  Zealot x7  
  148  8:26  Warp Prism  
  142  8:29  Archon  
  142  8:30  Archon, Zealot x2  
  142  8:33  High Templar x2  
  136  8:34  Zealot  
  136  8:35  Zealot x2  
  136  8:38  Nexus  
  136  8:40  Archon  
  136  8:41  Pylon  
  136  8:44  Zealot x4  
  136  8:45  High Templar  
  136  8:46  High Templar  
  138  8:51  Archon, High Templar  
  138  8:55  High Templar  
  136  8:56  Zealot x2  
  114  9:10  Zealot  
  114  9:11  Zealot x5  
  124  9:21  High Templar x2  
  124  9:22  Zealot x2  
  128  9:26  Archon  
  128  9:27  Zealot x2  
  130  9:31  Zealot x4  
  130  9:34  High Templar x2  
  142  9:38  Archon  
  142  9:42  Zealot x2  
  145  9:45  Immortal  
  145  9:49  Archon  
  145  9:50  Stalker  
  147  9:59  High Templar x2  
  137  10:08  Zealot x3  
  137  10:09  Zealot  
  137  10:14  Zealot  
  135  10:18  Zealot x2  
  125  10:22  Zealot  
  125  10:24  High Templar x2  
  129  10:29  Zealot x2  
  129  10:32  Zealot x2  
  129  10:35  High Templar x2  
  133  10:42  Assimilator  
  133  10:47  Assimilator  
Show
View Real Time Build Order
Export as new Build Order

iGRushcrazy Protoss 

Build Orders:  

Get SALT Encoding   

Show
View Real Time Build Order
Export as new Build Order

喵帕斯 Protoss 

Build Orders:  

Get SALT Encoding   

Tags
 
Add a new tag
Caveats
  • Supply blocks, unpowered buildings, or Contaminate may cause inaccurate times.
  • Supply counts are checked every 10 seconds.